AoeStats
← Koi boy 1999

Hideout

503287422Analyzed
2v2 RM · 1mo ago on Aug 31, 2026· 26m 33s· 4 players
Game mode
Random Map
Map size
Medium (4 player)
Population
200
Speed
Normal
Resources
Standard
Victory
Conquest
Starting age
Dark Age
Ending age
Imperial Age
RankedLock teamsTeams togetherTeam positionsShared explorationLock speedFull tech treeHidden civsTurbo modeCheats
Victory
Defeat
🇺🇸 Armenians · United States
889
+13
🇺🇸 Ethiopians · United States
888
+13
🇨🇱 Goths · Chile
833
-13
🇺🇸 Spanish · United States
827
-13
Talerx3764
3:14 Loom
10:18 Feudal Age
10:39 Horse Collar
10:44 Double-Bit Axe
23:19 Castle Age
Koi boy 1999
12:13 Feudal Age
12:39 Horse Collar
12:50 Double-Bit Axe
26:02 Castle Age
24:58 Stone Mining
26:15 Elite Skirmisher
OGDaveyDave
8:21 Loom
10:06 Feudal Age
11:10 Man-at-Arms
14:12 Long Swordsman
15:49 Arson
16:27 Double-Bit Axe
16:27 Horse Collar
19:17 Wheelbarrow
19:29 Gold Mining
20:05 Fletching
20:16 Scale Mail Armor
Mayor Goldie Wilson
0:45 Loom
9:28 Feudal Age
13:26 Double-Bit Axe
19:18 Fletching
26:08 Castle Age
25:00 Padded Archer Armor
26:13 Crossbowman
27:01 Thumb Ring
Connection lost

Rejoining the realm…

Still unreachable

The connection could not be restored.

Session expired

The server has moved on; the page needs a fresh start.